 Dungeon Crawl Stone Soup version 0.28.0-53-g5a82cb258f (webtiles) character file.

Game seed: 2506566459742590315

274 moldycheese5 the Skirmisher (level 6, 0/48 HPs)
             Began as a Demonspawn Abyssal Knight on June 17, 2022.
             Was a Believer of Lugonu.
             Killed from afar by an acid dragon (32 damage)
             ... with a splash of acid
             ... on level 5 of the Dungeon.
             The game lasted 00:08:02 (4867 turns).

moldycheese5 the Skirmisher (DsAK)                  Turns: 4867, Time: 00:08:02

Health: 0/48       AC:  3    Str: 15    XL:     6   Next: 3%
Magic:  8/8        EV:  7    Int: 12    God:    Lugonu [**....]
Gold:   175        SH:  5    Dex: 17    Spells: 5/5 levels left

rFire   . . .      SeeInvis .   h - +3 triple sword (chaos)
rCold   . . .      Faith    .   (shield currently unavailable)
rNeg    . . .      Spirit   .   k - +0 chain mail
rPois   +          Reflect  +   f - +2 hat
rElec   .          Harm     .   (no cloak)
rCorr   .          Rampage  .   (no gloves)
Will    .....                   (no boots)
Stlth   +.........              i - amulet of reflection
HPRegen 0.16/turn               j - ring of poison resistance
MPRegen 0.11/turn               m - ring of flight

@: corroded, flying
A: thin skeletal structure 2, foul stench 1, powered by death 1
a: Renounce Religion, Depart the Abyss, Bend Space


You were on level 5 of the Dungeon.
You worshipped Lugonu.
Lugonu was pleased with you.
You visited 1 branch of the dungeon, and saw 5 of its levels.
You visited the Abyss 1 time.

You collected 175 gold pieces.

Inventory:

Hand Weapons
 a - a +1 falchion
 h - a +3 triple sword of chaos (weapon)
Armour
 f - a +2 hat (worn)
 k - a +0 chain mail (worn)
Jewellery
 d - a ring of protection from fire
 i - an amulet of reflection (around neck)
 j - a ring of poison resistance (left hand)
 m - a ring of flight (right hand)
 r - a ring of protection from cold
 s - a ring of ice
Wands
 o - a wand of mindburst (11)
 p - a wand of iceblast (9)
Scrolls
 b - 3 scrolls of fear
 n - a scroll of teleportation
Potions
 c - 3 potions of heal wounds
 e - a potion of curing {unknown}
 g - 3 potions of lignification {unknown}
 l - a potion of brilliance {unknown}
 q - a potion of magic {unknown}
 u - a potion of mutation {unknown}


   Skills:
 + Level 4.2 Fighting
 + Level 4.0 Long Blades
 + Level 3.0 Armour
 + Level 1.3 Dodging
 + Level 0.5 Shields
 + Level 2.8 Invocations


You had 5 spell levels left.
You didn't know any spells.
Your spell library contained the following spells:

 Spells                   Type           Power      Damage    Failure   Level
 Static Discharge         Conj/Air       0%         N/A       100%        2
 Gell's Gravitas          Tloc           0%         N/A       100%        3
 Lesser Beckoning         Tloc           0%         N/A       100%        3
 Teleport Other           Tloc           0%         N/A       100%        3
 Tukima's Dance           Hex            0%         N/A       100%        3
 Anguish                  Hex/Necr       0%         N/A       100%        4
 Dispel Undead            Necr           0%         3d6       100%        4
 Sticky Flame             Conj/Fire      0%         2d3       100%        4
 Enfeeble                 Hex            0%         N/A       100%        7


Dungeon Overview and Level Annotations

Branches:
Dungeon (5/15)
 Temple: D:4-7

Altars:
Hepliaklqana
Uskayaw
The Shining One


Innate Abilities, Weirdness & Mutations

You have a moderately thin skeletal structure. (Dex +4, Stealth++)
You may rarely emit foul miasma when damaged in melee.
You regenerate a little health from kills.


Message History

You begin to emit a foul stench of rot and decay.
You slash the orc!
You kill the orc!
Lugonu accepts your kill. The orc closely misses you.
You slice the orc!! Lightning courses through the orc!
You kill the orc!
Lugonu accepts your kill.
No target in view!
No target in view!
A worm comes into view.
Items here: ))) [[ ††.
A worm is nearby!
A worm is nearby!
You barely miss the worm. You block the worm's attack.
You slash the worm! Lightning courses through the worm!
You kill the worm!
Lugonu accepts your kill.
Your Long Blades skill increases to level 4!
No target in view!
No target in view!
An acid dragon comes into view.
The acid dragon roars!
The acid dragon spits acid at you. The splash of acid hits you!!
The acid corrodes you!
An acid dragon is nearby!
An acid dragon is nearby!
Found 2 scrolls labelled OXAMIEL YSMYI.
You slash the acid dragon!
Lightning courses through the acid dragon!
The acid dragon is almost dead.
The acid dragon spits acid at you. The splash of acid hits you!
* * * LOW HITPOINT WARNING * * *
The acid corrodes you!
You feel much better. The acid dragon spits acid at you.
The splash of acid hits you!!
Ouch! That really hurt!
You die...

#.#.# ###.#.###
#?......# #### #.......#
#<.#.# #....?..# #.##.#
..#.......# #.##.#
#.#.....D.# #..#.#
#.#....@..# ##.#.#
#.#.......# #.#.#
#.###.#.### #.##.#.####
#..##.#.######..........
#..##.............##.###
#...........########.#
#.###.#.###..........#
#.# #.#.# #..#########
###.###.#.###..#


You could see an acid dragon (catching breath).

Vanquished Creatures
  A bullfrog zombie (D:5)
  Natasha (D:4)
  An orc wizard (D:5)
  2 hound skeletons (D:4)
  5 adders
  An adder skeleton (D:4)
  4 worms
  6 orcs
  8 bats
  5 endoplasms
  2 giant cockroaches
  9 goblins
  8 hobgoblins
  13 jackals
  7 kobolds
  4 quokkas
  5 ball pythons
  5 frilled lizards
  8 rats
95 creatures vanquished.

Vanquished Creatures (others)
  12 plants (D:2)
12 creatures vanquished.

Grand Total: 107 creatures vanquished

Notes
Turn   | Place    | Note
-------+----------+-------------------------------------------
     0 | Abyss:1  | moldycheese5 the Demonspawn Abyssal Knight began the quest
                  | for the Orb.
     0 | Abyss:1  | Reached XP level 1. HP: 18/18 MP: 2/2
     0 | D:1      | Escaped the Abyss
   445 | D:1      | Gained mutation: You regenerate a little health from kills.
                  | [demonic ancestry]
   445 | D:1      | Reached XP level 2. HP: 24/24 MP: 3/3
   469 | D:1      | You fall into a shaft and drop 1 floor!
   651 | D:1      | Reached * piety under Lugonu
   770 | D:1      | Found a faded altar of an unknown god.
  1196 | D:2      | Gained mutation: You have a somewhat thin skeletal
                  | structure. (Dex +2, Stealth+) [demonic ancestry]
  1196 | D:2      | Reached XP level 3. HP: 20/30 MP: 5/5
  1809 | D:2      | Reached skill level 1 in Dodging
  2531 | D:3      | Reached XP level 4. HP: 37/37 MP: 6/6
  2919 | D:3      | Reached ** piety under Lugonu
  3147 | D:3      | Identified a scroll of acquirement
  3148 | D:3      | Acquired a +2 vorpal triple sword
  3876 | D:4      | Gained mutation: You have a moderately thin skeletal
                  | structure. (Dex +4, Stealth++) [demonic ancestry]
  3876 | D:4      | Reached XP level 5. HP: 22/42 MP: 7/7
  4237 | D:4      | Found a hazy altar of Hepliaklqana.
  4358 | D:4      | Found a hide-covered altar of Uskayaw.
  4474 | D:4      | Noticed Natasha
  4480 | D:4      | Killed Natasha
  4720 | D:5      | Entered Level 5 of the Dungeon
  4846 | D:5      | Gained mutation: You may rarely emit foul miasma when
                  | damaged in melee. [demonic ancestry]
  4846 | D:5      | Reached XP level 6. HP: 48/48 MP: 8/8
  4862 | D:5      | Noticed an acid dragon
  4867 | D:5      | Killed from afar by an acid dragon

Illustrated notes

Levels and vault maps discovered:
D:1:      amcnicky_arrival_gap_in_the_tavern_cellar, layout_rooms,
          ebering_ecumenical_altar_box, minmay_misc_feat_iff,
          chequers_serial_rivers_room_b, minivault_26, nrook_uturn
D:2:      wad_lake_hut, layout_basic, minmay_nonomino_d4
D:3:      layout_basic, minmay_guardbox
D:4:      layout_rooms, mainiacjoe_overflow_alcove_1,
          mainiacjoe_overflow_24_doors, kennysheep_mini, uniq_natasha
D:5:      layout_basic, nemelex_xobeh_ov_fountains_minmay, temple_fountains,
          minmay_misc_feat_cross, uniq_menkaure, uniq_eustachio

Skill      XL: |  1  2  3  4  5  6 |
---------------+-------------------+-----
Long Blades    | 2 3 4 |  4.0
Armour         | 2 3 |  3.0
Dodging        | 1 |  1.3
Fighting       | 4 |  4.2
Shields        | |  0.5
Invocations    | |  2.8

Action                   |  1- 3 |  4- 6 || total
-------------------------+-------+-------++-------
Melee: Falchion          |   170 |    77 ||   247
       Punch             |     2 |       ||     2
       Triple sword      |       |    58 ||    58
Invok: Depart the Abyss  |     1 |       ||     1
  Use: Scroll            |     1 |     9 ||    10
       Potion            |       |     1 ||     1
 Stab: Sleeping          |     1 |       ||     1
Armor: Leather armour    |    32 |       ||    32
       Chain mail        |    72 |    98 ||   170
Dodge: Dodged            |    83 |    62 ||   145
Block: Other             |    20 |    45 ||    65
       Reflection        |     1 |       ||     1
